 Dungeon Crawl Stone Soup version 0.21.0-22-g11d5b52 (webtiles) character file.

14 ScottishVillain the Grasshopper (level 2, -2/19 HPs)
             Began as a Demonspawn Wanderer on Jan 18, 2018.
             Killed from afar by a white imp (12 damage)
             ... with a puff of frost
             ... summoned by Xom
             ... on level 1 of the Dungeon.
             The game lasted 00:06:54 (852 turns).

ScottishVillain the Grasshopper (DsWn)               Turns: 852, Time: 00:06:55

Health: -2/19      AC:  2    Str: 15    XL:     2   Next: 27%
Magic:  2/4        EV: 11    Int: 12    God:    Xom [*.....]
Gold:   61         SH:  0    Dex: 10    Spells: 3/4 levels left

rFire    . . .     SeeInvis .   e - +0 club
rCold    . . .     Gourm    .   (no shield)
rNeg     . . .     Faith    .   d - +0 robe
rPois    .         Spirit   .   (helmet restricted)
rElec    .         Reflect  .   (no cloak)
rCorr    .         Harm     .   (no gloves)
MR       .....                  (no boots)
Stlth    +.........             (no amulet)
HPRegen  0.06/turn              (no ring)
MPRegen  0.09/turn              (no ring)

@: no status effects
A: antennae 1
a: Renounce Religion


You were on level 1 of the Dungeon.
You worshipped Xom.
You were a special plaything of Xom.
You were not hungry.

You visited 1 branch of the dungeon, and saw 1 of its levels.

You collected 61 gold pieces.

Inventory:

Hand Weapons
 e - a +0 club (weapon)
Armour
 d - a +0 robe (worn)
Scrolls
 h - a scroll of magic mapping
 i - 2 scrolls of remove curse
Potions
 j - a potion of curing {unknown}
Books
 a - a book of Spatial Translocations

   Spells                             Type                      Level
   a - Blink                          Translocation                2
   b - Shroud of Golubria             Charms/Translocation         2
   c - Lesser Beckoning               Translocation                3
   d - Gell's Gravitas                Translocation                3
   e - Teleport Other                 Translocation                3
   f - Passage of Golubria            Translocation                4
 b - the Almanac of Dark Arts

   Spells                             Type                      Level
   a - Corpse Rot                     Necromancy                   2
   b - Sublimation of Blood           Necromancy                   2
 c - the Handbook of Envenoming

   Spells                             Type                      Level
   a - Sting                          Conjuration/Poison           1
   b - Mephitic Cloud                 Conjuration/Poison/Air       3
Comestibles
 f - 3 rations
 g - 3 chunks of flesh


   Skills:
 + Level 0.1 Fighting
 + Level 0.1 Maces & Flails
 + Level 1.5 Throwing
   Level 1.0 Shields
 + Level 1.6 Spellcasting
   Level 4.5 Translocations
 + Level 2.0 Poison Magic


You had 3 spell levels left.
You knew the following spells:

 Your Spells              Type           Power        Failure   Level  Hunger
a - Sting                 Conj/Pois      #...         19%         1    ##.....


Dungeon Overview and Level Annotations

Branches:
Dungeon (1/15)

Altars:
Xom


Innate Abilities, Weirdness & Mutations

You have a pair of small antennae on your head.


Message History

Press: ? - help, Shift-Dir - straight line, f/p - kobold
Aim: a kobold The sting hits the kobold.
The kobold is moderately wounded.
You hit the kobold.
You kill the kobold!
You see here a kobold corpse.
You butcher the kobold corpse.
You see here 3 inedible chunks of flesh. "Time to have some fun!"
The white imp hits you. The white imp freezes you.
You closely miss the white imp.
The white imp picks up a beetle and eats it.
The white imp closely misses you.
You closely miss the white imp. The white imp gestures at you.
The puff of frost hits you!
Ouch! That really hurt!
You die... "What!?
That's it?"

#####..........#.....
#..........'.....
#..........#.....
########.#...#.....
#..........>.......
#........##.###....
#........##.#*#....
#####........##........
#.....@5.....##.#######
#.....########*,***,,..
#...%.#********,,,*,...
#.....#,,,,,,,,,*,#....
#.....#,,,,,,,,,,,.....
#.....#,,,,,,,,,**#....
#.....#,,,,,,,,,*,,,,,,
#.....#,,,,,,,,,*,,,,,,
#.....#,,,,,,,,,*,,,,,,


You could see a white imp.

Vanquished Creatures
  A leopard gecko (D:1)
  A giant cockroach (D:1)
  2 goblins (D:1)
  A hobgoblin (D:1)
  A kobold (D:1)
  3 bats (D:1)
  2 frilled lizards (D:1)
  2 rats (D:1)
13 creatures vanquished.

Notes
Turn   | Place    | Note
-------+----------+-------------------------------------------
     0 | D:1      | ScottishVillain the Demonspawn Wanderer began the quest for the Orb.
     0 | D:1      | ScottishVillain set off with: a book of Spatial Translocations, the Almanac of Dark Arts, the Handbook of Envenoming, a +0 robe, a +0 club, a ration
     0 | D:1      | Reached XP level 1. HP: 13/13 MP: 2/2
     2 | D:1      | Learned a level 1 spell: Sting
   307 | D:1      | Found a shimmering altar of Xom.
   318 | D:1      | Became a worshipper of Xom of Chaos
   700 | D:1      | Gained mutation: You have a pair of small antennae on your head. [demonic ancestry]
   700 | D:1      | Reached XP level 2. HP: 19/19 MP: 0/4
   798 | D:1      | XOM: harmless Pois miscast
   849 | D:1      | XOM: summons 1 hostile demon
   852 | D:1      | Killed from afar by a white imp

Action                   || total
-------------------------++-------
Melee: Club              ||    29
 Cast: Sting             ||    15
  Use: Scroll            ||     5
Armor: Robe              ||    12
Dodge: Dodged            ||    38
